 Dungeon Crawl Stone Soup version 0.21.1-1-g345015f (webtiles) character file.

630835 equalderp2856 the Axe Maniac (level 27, -6/270 HPs)
             Began as a Minotaur Fighter on May 8, 2018.
             Mangled by a balrug
             ... wielding a +1 demon whip of flaming
              (23 damage)
             ... on level 2 of the Depths on May 9, 2018.
             The game lasted 04:50:22 (125523 turns).

equalderp2856 the Axe Maniac (Minotaur Fighter)   Turns: 125523, Time: 04:50:26

Health: -6/270     AC: 16    Str: 22    XL:     27
Magic:  0/34       EV: 12    Int: 10    God:
Gold:   4164       SH: 21    Dex: 18    Spells: 23/42 levels left

rFire    . . .     SeeInvis .   w - +9 broad axe (flame)
rCold    . . .     Gourm    .   Q - +2 shield
rNeg     + . .     Faith    .   D - +3 plate armour
rPois    .         Spirit   +   S - +2 hat
rElec    .         Reflect  .   A - +2 cloak {MR+}
rCorr    .         Harm     .   B - +2 pair of gloves {Dex+3}
MR       ++++.                  x - +2 pair of boots {Fly}
Stlth    ..........             a - amulet of Haum {Spirit rN+}
HPRegen  0.55/turn              (no ring)
MPRegen  0.24/turn              E - ring of protection from magic

@: corroded, flying
A: retaliatory headbutt, horns 2, dopey 1
}: 3/15 runes: decaying, silver, gossamer
a: Stop Flying


You were on level 2 of the Depths.
You were not hungry.

You visited 11 branches of the dungeon, and saw 49 of its levels.
You visited 1 bazaar.
You also visited: Ice Cave and Volcano.

You collected 9541 gold pieces.
You spent 5377 gold pieces at shops.

Inventory:

Hand Weapons
 c - the +6 trident "Newt's Nightmare" {freeze, +Inv}
   (You bought it in a shop on level 1 of the Orcish Mines)

   It has been specially enchanted to freeze those struck by it, causing extra
   injury to most foes and up to half again as much damage against particularly
   susceptible opponents.
   It can also slow down cold-blooded creatures.
   It lets you turn invisible.
 i - a +9 broad axe of protection
 j - the +2 broad axe of Checks and Balances {vamp, rElec}
   (You took it off a deep elf mage on level 3 of the Elven Halls)

   It inflicts no extra harm, but heals its wielder when it wounds a living foe.
   It insulates you from electricity.
 w - a +9 broad axe of flaming (weapon)
 R - a +6 executioner's axe of freezing
 V - the +6 shillelagh "Devastator" {shatter}
   (You found it on level 4 of the Depths)
Armour
 b - the +0 pair of gloves "Fahugg" {rElec MR+ Int+4 Dex+4 Slay-3}
   (You found it on level 3 of the Crypt)

   It affects your intelligence (+4).
   It affects your dexterity (+4).
   It affects your accuracy and damage with ranged weapons and melee attacks
   (-3).
   It insulates you from electricity.
   It affects your resistance to hostile enchantments.
 e - a +1 plate armour of fire resistance
 r - the +1 plate armour of Fortitude {rElec Int+3 Dex+3}
   (You took it off an orc on level 14 of the Dungeon)

   It affects your intelligence (+3).
   It affects your dexterity (+3).
   It insulates you from electricity.
 x - a +2 pair of boots of flying (worn)
 z - a +1 cloak of invisibility
 A - a +2 cloak of magic resistance (worn)
 B - a +2 pair of gloves of dexterity (worn)
 D - a +3 plate armour (worn)
 H - a +0 chain mail of cold resistance
 Q - a +2 shield (worn)
 S - a +2 hat (worn)
Magical Staves
 n - an uncursed staff of wizardry
Jewellery
 a - the amulet of Haum (around neck) {Spirit rN+}
   (You found it in an ice cave)

   [amulet of guardian spirit]

   It causes incoming damage to be split between your health and magic.
   It protects you from negative energy.
 C - a +3 amulet of reflection
 E - a ring of protection from magic (right hand)
 X - an uncursed ring of protection from fire
Scrolls
 g - 3 scrolls of identify
 l - 12 scrolls of teleportation
 m - 2 scrolls of blinking
 p - a scroll of magic mapping
 s - 4 scrolls of fear
 u - 8 scrolls of fog
 I - 3 scrolls of silence
Potions
 d - 5 potions of might
 k - a potion of haste
 o - 3 potions of resistance
 t - a potion of brilliance
 v - 4 potions of heal wounds
 F - 6 potions of curing
 G - 3 potions of cancellation
 O - a potion of magic
Books
 h - a book of Death

   Spells                             Type                      Level
   a - Corpse Rot                     Necromancy                   2
   b - Sublimation of Blood           Necromancy                   2
   c - Agony                          Necromancy                   5
   d - Dispel Undead                  Necromancy                   5
   e - Excruciating Wounds            Charms/Necromancy            5
   f - Bolt of Draining               Conjuration/Necromancy       5
 q - a book of the Earth

   Spells                             Type                      Level
   a - Leda's Liquefaction            Hexes/Earth                  4
   b - Bolt of Magma                  Conjuration/Fire/Earth       5
   c - Statue Form                    Transmutation/Earth          6
   d - Iron Shot                      Conjuration/Earth            6
   e - Shatter                        Earth                        9
 K - a book of the Tempests

   Spells                             Type                      Level
   a - Static Discharge               Conjuration/Air              3
   b - Lightning Bolt                 Conjuration/Air              5
   c - Ignition                       Fire                         8
   d - Tornado                        Air                          9
   e - Shatter                        Earth                        9
 M - a book of Geomancy

   Spells                             Type                      Level
   a - Sandblast                      Earth                        1
   b - Passwall                       Transmutation/Earth          2
   c - Stone Arrow                    Conjuration/Earth            3
   d - Petrify                        Transmutation/Earth          4
   e - Lee's Rapid Deconstruction     Earth                        5
 N - a book of Necromancy

   Spells                             Type                      Level
   a - Pain                           Necromancy                   1
   b - Animate Skeleton               Necromancy                   1
   c - Vampiric Draining              Necromancy                   3
   d - Regeneration                   Charms/Necromancy            3
   e - Animate Dead                   Necromancy                   4
   f - Borgnjor's Vile Clutch         Necromancy/Earth             5
 U - a book of Misfortune

   Spells                             Type                      Level
   a - Confusing Touch                Hexes                        1
   b - Confuse                        Hexes                        3
   c - Gell's Gravitas                Translocation                3
   d - Petrify                        Transmutation/Earth          4
   e - Metabolic Englaciation         Hexes/Ice                    5
   f - Yara's Violent Unravelling     Hexes/Transmutation          5
Miscellaneous
 y - a lamp of fire (inert)
Comestibles
 f - 16 rations


   Skills:
 + Level 26.3 Fighting
 O Level 27 Axes
 + Level 6.1(19.4) Polearms
 + Level 1.0 Throwing
 + Level 21.7 Armour
 + Level 7.5 Dodging
 + Level 4.2 Stealth
 O Level 27 Shields
 + Level 1.2 Unarmed Combat
 + Level 8.0 Spellcasting
 - Level 5.0 Translocations
 + Level 3.8 Evocations


You had 23 spell levels left.
You knew the following spells:

 Your Spells              Type           Power        Failure   Level  Hunger
a - Passwall              Tmut/Erth      #.........   80%         2    #......
b - Swiftness             Chrm/Air       #.......     80%         2    #......
c - Passage of Golubria   Tloc           N/A          75%         4    ####...
d - Infusion              Chrm           #...         67%         1    None
e - Shroud of Golubria    Chrm/Tloc      #.........   45%         2    #......
f - Song of Slaying       Chrm           #.......     80%         2    #......
g - Regeneration          Chrm/Necr      #.........   95%         3    ###....
h - Spectral Weapon       Hex/Chrm       #.......     95%         3    ###....


Dungeon Overview and Level Annotations

Branches:
Dungeon (15/15)            Temple (0/1) D:5            Lair (6/6) D:10
  Swamp (4/4) Lair:3       Spider (4/4) Lair:3        Slime (0/5) Lair:6
    Orc (2/2) D:12            Elf (3/3) Orc:2        Vaults (5/5) D:14
  Crypt (3/3) Vaults:2       Tomb (1/3) Crypt:3      Depths (5/5) D:15
   Hell (1/1)                 Zot (0/5) Depths:5
    Dis: Hell:1         Geh: Hell:1         Coc: Hell:1         Tar: Hell:1

Altars:
Fedhas
Hepliaklqana
Kikubaaqudgha
Okawaru
Qazlal
Uskayaw
Yredelemnul
Zin
Beogh
Jiyva

Shops:
D:4 (**==   D:9 (   D:11 :   Orc:1 *   Orc:2 (}?   Elf:2 }   Elf:3 ?
Vaults:2 =   Vaults:3 *!??   Depths:1 }==

Portals:
Hell: Depths:2 Depths:3 Depths:4 Depths:5
Abyss: Depths:1 Depths:2 Depths:4
Pandemonium: Orc:2 Depths:3 Depths:4
Ziggurat: Depths:5

Annotations:
Spider:3 Bai Suzhen
Hell exclusion: 2 ice statues, Geryon, Murray


Innate Abilities, Weirdness & Mutations

You reflexively headbutt those who attack you in melee.
You have a pair of horns on your head.
You are dopey. (Int -2)


Message History

* * * LOW HITPOINT WARNING * * *
You are engulfed in flames!!
* * * LOW HITPOINT WARNING * * *
The balrug burns you.
* * * LOW HITPOINT WARNING * * *
Unknown command.
You feel better. You block the fire elemental's attack.
The balrug gestures at you. You block the sticky flame.
The cacodemon closely misses you. The cacodemon hits you!
* * * LOW HITPOINT WARNING * * *
Unknown command.
You hit the balrug but do no damage.
The balrug is severely wounded.
You hit the fire elemental. You hit the cacodemon but do no damage.
You block the fire elemental's attack.
The balrug hits you with a demon whip of flaming!!
* * * LOW HITPOINT WARNING * * *
You are engulfed in flames!!
You die...

...................###..####.....
...................# #.....'.....
...)[..###.###.###.# ##.####.....
...>...#...#...#...# #.# ######
.......###.###.###.####'##### #.
#'###..............##.......####.
#.##.....####.......(......['....
#.##.###..≈≈........#.........###
..#.......§.§...@§....(.....≈.#
#...§≈§......§§E22§........≈..#
#....≈≈≈....§§§§§≈§.....(.....#
#.....≈.§...§§≈§≈§≈≈≈....(...####
#...(.......§≈≈.≈≈≈≈≈≈......'....
#........§.≈§§§24..≈§§§....†#####
#(##...[.§§§§≈..∩..§§§≈≈....# #
#)###....§§≈§≈§.§§..≈≈≈§§...# #
#.###.....§§§≈≈§§≈≈§≈≈≈.....#####


You could see a cacodemon, a balrug, a green death and a fire elemental.

Vanquished Creatures
  4 ancient liches
  2 juggernauts
  A greater mummy (Tomb:1)
  Margery (Crypt:1)
  Saint Roka (Depths:1)
  2 caustic shrikes (Depths:4)
  3 golden dragons
  Jory (Crypt:2)
  A bone dragon (Vaults:2)
  An iron giant (shapeshifter) (Vaults:4)
  5 tentacled monstrosities
  10 liches
  5 deep elf blademasters
  3 titans
  2 deep elf master archers (Elf:3)
  4 quicksilver dragons
  9 sphinxes
  6 ancient champions
  Gastronok (D:8)
  3 thorn hunters (Swamp:4)
  5 tengu reavers
  4 storm dragons
  7 shadow dragons
  16 fire giants
  2 revenants (Tomb:1)
  An orc warlord (D:7)
  4 iron dragons
  16 frost giants
  13 vault wardens
  A draconian shifter (Depths:5)
  Aizul (Crypt:1)
  A frost giant (shapeshifter) (Depths:2)
  A balrug (Depths:2)
  4 deep elf sorcerers
  7 deep elf elementalists
  2 ghost moths (Spider:4)
  Louise (Swamp:2)
  2 curse skulls (Crypt:3)
  The ghost of YrmMerkstave the Severer, a journeyman DDFi of Makhleb (D:14)
  6 emperor scorpions (Spider:4)
  3 war gargoyles
  A draconian stormcaller (Depths:5)
  23 stone giants
  A stone giant (shapeshifter) (Depths:4)
  6 reapers (Crypt:3)
  13 ironheart preservers
  29 very ugly things
  3 spriggan defenders
  7 entropy weavers
  10 vampire knights
  4 deep elf annihilators
  9 deep elf demonologists
  4 black draconians
  3 large abominations
  2 purple draconians (Depths:4)
  15 spark wasps
  10 deep elf death magi
  The ghost of Terandir the Severer, a journeyman MiFi of Cheibriados (D:11)
  2 merfolk impalers
  3 eidola (Crypt:3)
  9 mummy priests
  2 crystal guardians
  2 quicksilver dragon zombies
  A green death (Depths:3)
  19 ettins
  14 fire dragons
  11 deep elf high priests
  11 great orbs of eyes
  6 jiangshi
  5 rakshasas
  29 vault guards
  Harold (Orc:1)
  26 yaktaur captains
  Erolcha (D:12)
  28 hydras
  13 centaur warriors
  4 alligators
  3 ghost crabs
  40 two-headed ogres
  11 ice dragons
  8 spriggan air magi
  A catoblepas (Lair:5)
  A queen ant (Spider:2)
  20 dancing weapons
  8 death yaks
  5 tengu warriors
  3 hell hogs (Hell)
  2 titan zombies (Crypt:3)
  10 spriggan berserkers
  5 death scarabs (Tomb:1)
  4 deep troll earth magi
  14 deep troll shamans
  16 ogre magi
  A storm dragon zombie (Crypt:3)
  The ghost of Gandalfino the Destroyer, a novice DrFE of Vehumet (D:12)
  The ghost of microfolk the Transmogrifier, a novice OpTm of Fedhas (D:9)
  A sun demon (Hell)
  5 soul eaters
  5 vampire magi
  12 orc high priests
  The ghost of Exporg the Grappler, a novice TrFi of Okawaru (D:8)
  A shock serpent (shapeshifter) (Depths:2)
  11 spriggans
  5 iron trolls
  Sonja (Orc:2)
  23 deep elf knights
  A salamander mystic (Volcano)
  4 small abominations
  3 sixfirhies
  14 skeletal warriors
  12 hell knights
  4 shadow wraiths
  A ghost moth zombie (Crypt:3)
  An unseen horror (D:10)
  A spriggan druid (Swamp:3)
  An unseen horror (shapeshifter) (D:13)
  2 anaconda zombies (Crypt:3)
  A torturous demonspawn (Orc:2)
  19 deep elf archers
  14 swamp dragons
  A storm dragon skeleton (Crypt:3)
  5 flayed ghosts
  27 deep trolls
  A gelid demonspawn (Orc:2)
  An infernal demonspawn (Orc:2)
  2 wizards
  6 glowing orange brains
  10 phantasmal warriors
  4 shambling mangroves
  17 orc knights
  10 harpies
  4 wolf spider zombies
  An orange crystal statue (Tomb:1)
  Pikel (D:6)
  A mana viper (shapeshifter) (Depths:3)
  14 necromancers
  A lindwurm (Lair:6)
  2 anaconda skeletons (Crypt:3)
  An orb spider (shapeshifter) (Depths:4)
  14 orb spiders
  20 ironbrand convokers
  A fire giant zombie (Crypt:3)
  4 orc sorcerers
  A stone giant zombie (Crypt:3)
  A harpy (shapeshifter) (Depths:4)
  A shadow dragon skeleton (Crypt:1)
  24 ugly things
  A frost giant zombie (Crypt:1)
  3 manticores
  52 deep elf magi
  7 salamanders
  A faun (shapeshifter) (Vaults:2)
  3 moths of wrath
  3 cyclopes
  35 wolf spiders
  2 stone giant skeletons (Crypt:3)
  A frost giant skeleton (Crypt:3)
  A shock serpent zombie (Crypt:3)
  2 dire elephant zombies (Crypt:3)
  A manticore (shapeshifter) (Vaults:5)
  10 elephants
  An iron dragon skeleton (Crypt:1)
  A fire giant skeleton (Crypt:3)
  Maurice (Orc:2)
  6 black mambas
  A rust devil (Orc:2)
  A water nymph (shapeshifter) (Depths:4)
  18 vault sentinels
  An orange demon (Depths:3)
  9 torpor snails
  An ice statue (IceCv)
  A spiny frog (shapeshifter) (D:13)
  A molten gargoyle (Lair:1)
  2 centaur skeletons (D:14)
  3 gargoyles
  A catoblepas zombie (Crypt:1)
  19 spiny frogs
  A rime drake (shapeshifter) (Vaults:2)
  A dire elephant skeleton (Crypt:3)
  The ghost of Aelig the Transmogrifier, a novice BaTm (D:6)
  A rime drake (Lair:6)
  A komodo dragon (shapeshifter) (Elf:3)
  A yellow draconian zombie (Crypt:1)
  10 komodo dragons
  A kobold demonologist (D:11)
  7 freezing wraiths
  A grey draconian zombie (Crypt:2)
  56 yaktaurs
  5 tengu conjurers
  5 ice devils
  19 hellwings
  2 red devils
  An efreet (D:13)
  A polar bear (shapeshifter) (Vaults:1)
  9 trolls
  6 guardian mummies (Tomb:1)
  12 demonic crawlers
  A meliai (D:14)
  A white draconian skeleton (Crypt:2)
  14 polar bears
  A queen bee (Depths:4)
  A shadow dragon simulacrum (Tomb:1)
  2 meliai (shapeshifter)
  32 jumping spiders
  A tyrant leech (shapeshifter) (Vaults:5)
  10 tyrant leeches
  A jumping spider (shapeshifter) (Elf:1)
  Prince Ribbit (D:4)
  33 hornets
  An ettin zombie (Crypt:3)
  41 slime creatures
  A human simulacrum (Vaults:2)
  2 ice dragon zombies
  17 blink frogs
  7 bog bodies
  14 hippogriffs
  Grinder (D:6)
  An alligator zombie (Tomb:1)
  2 hippogriffs (shapeshifter)
  A centaur simulacrum (D:14)
  An ettin skeleton (Crypt:1)
  11 flying skulls (Tomb:1)
  15 air elementals
  5 shadows
  18 tarantellas
  12 water elementals
  A tarantella (shapeshifter) (Depths:2)
  An ice dragon skeleton (Crypt:3)
  11 wraiths
  72 redbacks
  7 fire bats
  A wyvern (D:7)
  6 fire elementals
  Grum (D:8)
  3 vampires
  Eustachio (D:6)
  A steam dragon (D:11)
  3 basilisks
  A human (shapeshifter) (Elf:2)
  3 ushabtiu (Crypt:3)
  2 hungry ghosts (D:11)
  58 yaks
  7 vampire mosquitoes
  Menkaure (D:6)
  A warg (shapeshifter) (Vaults:1)
  26 swamp worms
  25 wargs
  3 acid dragons
  A torturous demonspawn zombie (Crypt:3)
  11 water moccasins
  3 insubstantial wisps
  An acid dragon (shapeshifter) (Depths:1)
  27 soldier ants
  3 floating eyes
  7 hell hounds (Depths:2)
  8 porcupines
  2 slaves (D:6)
  A hornet zombie (D:12)
  2 black bears
  13 swamp drakes
  A blink frog zombie (Crypt:2)
  59 orc warriors
  A snapping turtle zombie (Crypt:3)
  4 ice beasts
  4 sky beasts
  3 eyes of draining
  43 ogres
  3 necrophages
  21 wolves
  An elephant skeleton (Crypt:2)
  4 boggarts (Vaults:3)
  22 centaurs
  A hog skeleton (Crypt:2)
  A swamp dragon skeleton (Crypt:3)
  2 big kobolds
  11 crocodiles
  A draconian zombie (Crypt:2)
  15 bullfrogs
  A fire crab zombie (Crypt:1)
  A salamander zombie (Crypt:2)
  A salamander skeleton (Crypt:2)
  A wyvern zombie (D:12)
  An elf skeleton (Crypt:1)
  10 wyvern skeletons
  6 scorpions
  25 killer bees
  17 wights
  5 howler monkeys
  4 electric eels
  2 bullfrog zombies
  4 lava snakes (D:10)
  10 crimson imps
  A quasit (D:12)
  3 centaur zombies
  6 hounds
  3 jellies
  33 orc priests
  A gnoll shaman (D:4)
  23 orc wizards
  3 bullfrog skeletons
  9 iguanas
  Terence (D:2)
  5 hell rats (Lair:6)
  30 worker ants
  2 human zombies (Crypt:3)
  9 mummies (Tomb:1)
  A howler monkey zombie (D:6)
  2 howler monkey skeletons
  4 worker ant zombies
  A scorpion zombie (Crypt:2)
  7 adders
  5 gnolls (D:4)
  A shadow imp (D:15)
  An adder zombie (Crypt:1)
  2 adder skeletons
  2 worms (D:2)
  3 dart slugs (D:1)
  6 leopard geckos
  145 orcs
  4 ball pythons
  5 giant cockroaches
  5 goblins
  9 hobgoblins
  13 jackals
  7 quokkas
  9 bats
  6 frilled lizards
  33 kobolds
  2 leopard gecko skeletons
  An orc zombie (Crypt:3)
  A quokka skeleton (D:7)
  5 rats
  A rat zombie (Crypt:1)
  11 briar patches (Swamp:4)
  A butterfly (Lair:6)
  3 crawling corpses
  7 fungi
  6 plants
  9 withered plants (Crypt:3)
2587 creatures vanquished.

Vanquished Creatures (others)
  A shadow dragon (D:14)
  Erica (D:8)
  A spriggan air mage (Depths:2)
  An alligator (Swamp:3)
  A deep elf knight (Elf:1)
  A deep troll (Depths:3)
  A deep elf archer (Elf:2)
  2 deep elf magi
  A spiny frog (Swamp:4)
  2 jumping spiders (Spider:4)
  A troll (D:15)
  3 polar bears (IceCv)
  A tyrant leech (Swamp:3)
  2 slime creatures (Swamp:3)
  A spriggan (Swamp:3)
  3 insubstantial wisps (Swamp:4)
  An orc warrior (D:15)
  A slave (D:7)
  4 wolves (IceCv)
  An ogre (Vaults:5)
  A crimson imp (Depths:2)
  An orc priest (D:7)
  2 orcs
  A bush (Lair:6)
  24 fungi
  27 plants
  A withered plant (Crypt:3)
87 creatures vanquished.

Grand Total: 2674 creatures vanquished

Notes
Turn   | Place    | Note
-------+----------+-------------------------------------------
     0 | D:1      | equalderp2856 the Minotaur Fighter began the quest for the Orb.
     0 | D:1      | Reached XP level 1. HP: 19/19 MP: 0/0
    56 | D:1      | Reached XP level 2. HP: 20/27 MP: 1/1
   194 | D:1      | Reached XP level 3. HP: 33/33 MP: 2/2
  1263 | D:2      | Noticed Terence
  1274 | D:2      | Killed Terence
  1274 | D:2      | Reached XP level 4. HP: 37/40 MP: 3/3
  1978 | D:4      | Found Kuobbuxt's General Store.
  1981 | D:4      | Bought a scroll of identify for 28 gold pieces
  1993 | D:4      | Found Xuh Ceyn's General Store.
  2008 | D:4      | Reached skill level 5 in Axes
  2008 | D:4      | Reached XP level 5. HP: 46/46 MP: 4/4
  2012 | D:4      | Noticed an ogre
  2018 | D:4      | Killed an ogre
  2018 | D:4      | Reached skill level 1 in Dodging
  2225 | D:4      | Found Dopsi's Jewellery Emporium.
  2245 | D:4      | Bought a scroll of blinking for 90 gold pieces
  2287 | D:4      | Reached XP level 6. HP: 50/53 MP: 5/5
  2499 | D:4      | Found Xoen's Antique Weapon Shoppe.
  2556 | D:4      | Reached skill level 5 in Armour
  2618 | D:4      | Found a basalt altar of Yredelemnul.
  2676 | D:4      | Reached XP level 7. HP: 55/60 MP: 6/6
  2709 | D:4      | Found Moaraz's Jewellery Boutique.
  3600 | D:5      | Entered Level 5 of the Dungeon
  3645 | D:5      | Found a staircase to the Ecumenical Temple.
  3651 | D:5      | Noticed Prince Ribbit
  3704 | D:4      | Killed Prince Ribbit
  3704 | D:4      | Reached skill level 5 in Fighting
  3704 | D:4      | Reached skill level 5 in Shields
  4085 | D:5      | Reached XP level 8. HP: 68/68 MP: 7/7
  4150 | D:5      | Reached skill level 1 in Evocations
  5597 | D:6      | Noticed Eustachio
  5612 | D:6      | Killed Eustachio
  5644 | D:6      | Noticed Pikel
  5912 | D:6      | Killed Pikel
  5912 | D:6      | Reached XP level 9. HP: 39/75 MP: 9/9
  6114 | D:6      | Noticed Menkaure
  6116 | D:6      | Killed Menkaure
  6165 | D:6      | Noticed Aelig's ghost (novice BaTm)
  6175 | D:6      | Killed Aelig's ghost
  6190 | D:6      | Found a glowing silver altar of Zin.
  6252 | D:6      | Noticed Grinder
  6260 | D:6      | Killed Grinder
  6260 | D:6      | Reached skill level 1 in Stealth
  6693 | D:7      | Reached skill level 10 in Axes
  7191 | D:7      | Found an iron altar of Okawaru.
  7221 | D:7      | Reached XP level 10. HP: 71/84 MP: 10/10
  7991 | D:7      | Found a hide-covered altar of Uskayaw.
  7991 | D:7      | Noticed a two-headed ogre
  7998 | D:7      | Killed a two-headed ogre
  8156 | D:7      | Noticed an orc warlord
 10588 | D:8      | Reached XP level 11. HP: 94/95 MP: 11/11
 10623 | D:8      | Noticed Exporg's ghost (novice TrFi)
 10637 | D:8      | Killed Exporg's ghost
 10863 | D:8      | Noticed Gastronok
 10876 | D:8      | HP: 1/95 [Gastronok (25)]
 10930 | D:8      | Noticed Grum
 10940 | D:8      | Killed Grum
 11351 | D:9      | Noticed microfolk's ghost (novice OpTm)
 11378 | D:9      | HP: 4/95 [orc warrior/war axe (12)]
 11868 | D:8      | Noticed Erica
 11875 | D:8      | Killed Erica
 12075 | D:9      | Reached skill level 10 in Armour
 12120 | D:9      | Found Koaxu Kett's Antique Weapon Boutique.
 12201 | D:9      | Noticed a two-headed ogre
 12214 | D:9      | Killed a two-headed ogre
 12478 | D:9      | Killed microfolk's ghost
 12496 | D:9      | Reached skill level 10 in Shields
 12660 | D:9      | Found a roughly hewn altar of Beogh.
 13428 | D:10     | Entered Level 10 of the Dungeon
 13638 | D:10     | Found a staircase to the Lair.
 13707 | D:10     | Noticed a two-headed ogre
 13715 | D:10     | Killed a two-headed ogre
 13860 | D:10     | Killed an unseen horror
 15170 | D:11     | Found a flickering gateway to a bazaar.
 15174 | D:11     | Noticed a red ugly thing
 15198 | D:11     | Killed a red ugly thing
 15198 | D:11     | Reached XP level 12. HP: 43/106 MP: 12/12
 15221 | Bazaar   | Entered a bazaar
 15536 | Bazaar   | Found Saeth's Antique Weapon Shoppe.
 15551 | Bazaar   | Found Niaffaim's Antique Weapon Emporium.
 15576 | Bazaar   | Found Kuykewky's Antique Armour Shoppe.
 15589 | Bazaar   | Found Seoha's Antique Armour Emporium.
 15674 | Bazaar   | Bought a pair of embroidered gloves for 247 gold pieces
 15732 | Bazaar   | Bought a hand crossbow for 91 gold pieces
 15943 | D:11     | Reached skill level 10 in Fighting
 16063 | D:11     | Reached skill level 5 in Dodging
 16108 | D:11     | Noticed a two-headed ogre
 16139 | D:11     | Killed a two-headed ogre
 16730 | D:11     | Noticed a two-headed ogre
 16735 | D:11     | Killed a two-headed ogre
 16735 | D:11     | Reached skill level 15 in Axes
 16756 | D:11     | Noticed a two-headed ogre
 16756 | D:11     | Noticed a tengu warrior
 16806 | D:11     | Noticed Terandir's ghost (journeyman MiFi)
 16809 | D:11     | Killed a tengu warrior
 16885 | D:11     | Killed a two-headed ogre
 17226 | D:11     | Found Haomazet's Book Boutique.
 17543 | D:12     | Noticed Gandalfino's ghost (novice DrFE)
 17560 | D:12     | Killed Gandalfino's ghost
 17562 | D:12     | Found a blossoming altar of Fedhas.
 17821 | D:7      | Killed an orc warlord
 18802 | D:8      | Killed Gastronok
 18802 | D:8      | Reached XP level 13. HP: 67/116 MP: 13/13
 19108 | Lair:1   | Entered Level 1 of the Lair of Beasts
 19220 | Lair:1   | Found a frozen archway.
 19233 | IceCv    | Entered an ice cave
 21370 | IceCv    | Got a wavering diamond amulet
 21375 | IceCv    | Identified the amulet of Haum {Spirit rN+} (You found it in an ice cave)
 21803 | IceCv    | Reached skill level 1 in Spellcasting
 22343 | IceCv    | Noticed a frost giant
 22984 | IceCv    | Killed a frost giant
 23183 | IceCv    | Got a faintly humming leather armour
 24908 | Lair:2   | Reached skill level 1 in Polearms
 25522 | Lair:2   | Reached XP level 14. HP: 84/126 MP: 11/17
 26133 | Lair:3   | Found a hole to the Spider Nest.
 26591 | Lair:3   | Found a staircase to the Swamp.
 27461 | Lair:2   | HP: 1/127 [spark wasp (13)]
 28236 | Lair:4   | Found a dark tunnel.
 28322 | Volcano  | Entered a volcano
 30519 | Lair:6   | Entered Level 6 of the Lair of Beasts
 31662 | Lair:6   | Found a viscous altar of Jiyva.
 31662 | Lair:6   | Found a staircase to the Slime Pits.
 31760 | Lair:6   | Reached XP level 15. HP: 94/136 MP: 17/20
 32292 | Lair:6   | Found a runed door.
 33670 | D:12     | Noticed Erolcha
 33680 | D:12     | Killed Erolcha
 33722 | D:12     | Found a staircase to the Orcish Mines.
 34155 | D:13     | Reached skill level 5 in Spellcasting
 34266 | Orc:1    | Entered Level 1 of the Orcish Mines
 34325 | Orc:1    | Found Devoesh's Assorted Antiques.
 34329 | Orc:1    | Noticed Harold
 34343 | Orc:1    | Killed Harold
 34361 | Orc:1    | HP: 5/137 [sun demon[an orc high priest] (14)]
 35031 | Orc:2    | Entered Level 2 of the Orcish Mines
 35059 | Orc:2    | Found a staircase to the Elven Halls.
 35084 | Orc:2    | Found a roughly hewn altar of Beogh.
 35165 | Orc:2    | Noticed Sonja
 35169 | Orc:2    | Killed Sonja
 35362 | Orc:2    | Noticed Maurice
 35381 | Orc:2    | Killed Maurice
 35762 | Orc:2    | Found Linefoal's Magic Scroll Shoppe.
 35773 | Orc:2    | Found Ameu's General Store.
 35846 | Orc:2    | Reached skill level 15 in Shields
 37124 | Orc:2    | Found Ros Nahe's Antique Weapon Boutique.
 37124 | Orc:2    | Found Regho's Gadget Shop.
 37125 | Orc:2    | Found a one-way gate leading to the halls of Pandemonium.
 37165 | Orc:2    | Bought a scroll of enchant weapon for 127 gold pieces
 37169 | Orc:2    | Bought a scroll of fear for 59 gold pieces
 37231 | Elf:1    | Entered Level 1 of the Elven Halls
 37483 | Elf:1    | Noticed a deep elf sorcerer
 37526 | Elf:1    | Killed a deep elf sorcerer
 37545 | Elf:1    | Reached XP level 16. HP: 113/147 MP: 19/23
 38366 | Swamp:1  | Entered Level 1 of the Swamp
 38528 | Swamp:1  | Got a translucent battleaxe
 39585 | Swamp:2  | Noticed Louise
 40908 | D:13     | Found a stormy altar of Qazlal.
 41152 | D:13     | Reached skill level 15 in Fighting
 41802 | D:14     | Found a large runed door.
 41814 | D:14     | Found a large runed door.
 41815 | D:14     | Noticed a shadow dragon
 41815 | D:14     | Found a large runed door.
 41820 | D:14     | Found a large runed door.
 41822 | D:14     | Found a large runed door.
 41822 | D:14     | Found a large runed door.
 41968 | D:14     | Noticed YrmMerkstave's ghost (journeyman DDFi)
 41997 | D:14     | Killed YrmMerkstave's ghost
 42157 | D:14     | Found a gate to the Vaults.
 42180 | D:14     | Found a hazy altar of Hepliaklqana.
 42366 | D:14     | Found a large runed door.
 42542 | D:14     | Found a large runed door.
 42595 | D:15     | Entered Level 15 of the Dungeon
 42825 | D:14     | Reached skill level 15 in Armour
 44179 | D:15     | Found a staircase to the Depths.
 44892 | Depths:1 | Entered Level 1 of the Depths
 45599 | Depths:1 | Noticed Saint Roka
 45961 | Depths:1 | Killed Saint Roka
 45961 | Depths:1 | Reached XP level 17. HP: 78/158 MP: 26/26
 46268 | Depths:1 | Found Corust's Jewellery Shop.
 46270 | Depths:1 | Found Loaplus's Gadget Shoppe.
 46271 | Depths:1 | Found Echeituh's Jewellery Shop.
 46284 | Depths:1 | Paralysed by a great orb of eyes for 5 turns
 46900 | Spider:1 | Entered Level 1 of the Spider Nest
 50790 | Spider:3 | HP: 5/158 [disintegration (27)]
 50796 | Spider:2 | HP: 4/158 [poisoned by a redback]
 50802 | Spider:2 | HP: 5/158 [poisoned by a redback]
 50809 | Spider:2 | HP: 5/158 [poisoned by a redback]
 51596 | Spider:3 | Noticed Bai Suzhen
 52609 | Spider:4 | Entered Level 4 of the Spider Nest
 54783 | Spider:4 | Reached XP level 18. HP: 140/168 MP: 29/29
 57010 | Spider:4 | Got a gossamer rune of Zot
 57585 | Vaults:1 | Entered Level 1 of the Vaults
 60040 | Vaults:2 | Found Koff's Jewellery Emporium.
 60082 | Vaults:2 | Noticed a bone dragon
 60083 | Vaults:2 | Found a staircase to the Crypt.
 60105 | Vaults:2 | Killed a bone dragon
 60375 | Vaults:2 | HP: 5/170 [yaktaur captain/bolt (26)]
 60376 | Vaults:2 | HP: 1/170 [ironbrand convoker/mace (5)]
 62456 | Vaults:3 | Reached XP level 19. HP: 96/177 MP: 30/30
 63795 | Vaults:3 | Found Ulilaami's Magic Scroll Shop.
 63837 | Vaults:3 | Found Kiuseuf's Magic Scroll Boutique.
 64239 | Vaults:3 | Bought a scroll of brand weapon for 360 gold pieces
 64271 | Vaults:3 | Found Duetoise's Assorted Antiques.
 64621 | Vaults:3 | Found Hakuemid's Distillery.
 66325 | Vaults:4 | Noticed a lich
 67059 | Vaults:3 | HP: 5/180 [cyan very ugly thing (25)]
 69266 | Vaults:4 | Killed a lich
 69334 | Vaults:4 | Identified Sif Muna's Almanac of the Pure Wonders
 69357 | Vaults:4 | Reached XP level 20. HP: 58/189 MP: 31/31
 70760 | Swamp:2  | Killed Louise
 71752 | Swamp:3  | Found a transporter.
 72088 | Swamp:3  | Found a transporter.
 72376 | Swamp:4  | Entered Level 4 of the Swamp
 72952 | Swamp:4  | Reached skill level 5 in Polearms
 74336 | Swamp:4  | Got a decaying rune of Zot
 76057 | Elf:2    | Found a huge runed gate.
 76057 | Elf:2    | Found a huge runed gate.
 76062 | Elf:2    | Found a huge runed gate.
 76242 | Elf:2    | Found Fieloloc's Gadget Boutique.
 77331 | Elf:2    | Reached XP level 21. HP: 200/200 MP: 32/32
 77980 | Vaults:3 | Bought a scroll of acquirement for 780 gold pieces
 78219 | Crypt:1  | Entered Level 1 of the Crypt
 78753 | Crypt:1  | Reached skill level 1 in Throwing
 78753 | Crypt:1  | Reached skill level 1 in Unarmed Combat
 78753 | Crypt:1  | Reached XP level 22. HP: 199/209 MP: 33/33
 79036 | Crypt:1  | Noticed Aizul
 79060 | Crypt:1  | Killed Aizul
 79117 | Crypt:1  | Noticed Margery
 79135 | Crypt:1  | Killed Margery
 80417 | Crypt:2  | Noticed Jory
 80446 | Crypt:2  | Killed Jory
 80632 | Crypt:3  | Entered Level 3 of the Crypt
 81155 | Crypt:3  | Found a staircase to the Tomb.
 81441 | Crypt:3  | Found an ancient bone altar of Kikubaaqudgha.
 82376 | Crypt:3  | Found the +7 great mace "Undeadhunter" {disrupt, rN+}
 82376 | Crypt:3  | Noticed an ancient lich
 82378 | Crypt:3  | Noticed an ancient lich
 82911 | Vaults:3 | Bought a scroll of silence for 135 gold pieces
 83330 | Crypt:3  | Killed an ancient lich
 83331 | Crypt:3  | Killed an ancient lich
 83801 | Crypt:3  | Reached XP level 23. HP: 220/220 MP: 34/34
 84285 | Crypt:3  | Got a pair of faintly humming gloves
 84287 | Crypt:3  | Identified the cursed +0 pair of gloves "Fahugg" {rElec MR+ Int+4 Dex+4 Slay-3} (You found it on level 3 of the Crypt)
 84400 | Crypt:3  | Identified the +6 morningstar "Foidumoi" {crush, rElec rC+ MR- Dex+3} (You found it on level 3 of the Crypt)
 84493 | Tomb:1   | Entered Level 1 of the Tomb of the Ancients
 85641 | Tomb:1   | Noticed a greater mummy
 86059 | Tomb:1   | Killed a greater mummy
 87676 | Crypt:3  | Identified the +6 double sword of Teucs {freeze, rF++ MR- Dex+4} (You found it on level 3 of the Crypt)
 88634 | Depths:1 | Found a one-way gate to the infinite horrors of the Abyss.
 90145 | Depths:2 | Found a gateway to Hell.
 91453 | Depths:3 | Reached XP level 24. HP: 230/230 MP: 33/34
 92237 | Depths:3 | Noticed a juggernaut
 92252 | Depths:3 | Killed a juggernaut
 94290 | Depths:4 | Paralysed by a floating eye for 2 turns
 94546 | Depths:4 | HP: 6/235 [spriggan air mage/the air (20)]
 94551 | Depths:4 | HP: 3/235 [ice dragon/blast of cold (10)]
 95592 | Depths:4 | Noticed a juggernaut
 95604 | Depths:4 | Killed a juggernaut
 96671 | Depths:4 | Reached XP level 25. HP: 232/243 MP: 33/34
 96814 | Depths:5 | Entered Level 5 of the Depths
 97323 | Depths:5 | HP: 7/244 [golden dragon/bolt of fire (21)]
 98845 | Depths:4 | Noticed an ancient lich
 98888 | Depths:4 | Killed an ancient lich
 99606 | Depths:4 | Found a runed door.
100046 | Depths:4 | Identified Lok Ynuma's Tome of Malediction
100067 | Depths:4 | Learned a level 2 spell: Passwall
100070 | Depths:4 | Learned a level 2 spell: Swiftness
100075 | Depths:4 | Learned a level 4 spell: Passage of Golubria
100101 | Depths:4 | Identified Zidoun's Incunabulum of Captivating Conjuration
100111 | Depths:4 | Learned a level 1 spell: Infusion
100114 | Depths:4 | Learned a level 2 spell: Shroud of Golubria
100117 | Depths:4 | Learned a level 2 spell: Song of Slaying
100121 | Depths:4 | Learned a level 3 spell: Regeneration
100125 | Depths:4 | Learned a level 3 spell: Spectral Weapon
100189 | Depths:4 | Found the +6 shillelagh "Devastator" {shatter}
100465 | Depths:5 | Found a gateway to a ziggurat.
102683 | Depths:5 | Found a gate to the Realm of Zot.
103179 | D:10     | Paralysed by fainting for 5 turns
103986 | Elf:3    | Entered Level 3 of the Elven Halls
104088 | Elf:3    | Found Dedin's Magic Scroll Shoppe.
104117 | Elf:3    | Bought a scroll of teleportation for 48 gold pieces
104117 | Elf:3    | Bought a scroll of fear for 56 gold pieces
104117 | Elf:3    | Bought a scroll of identify for 32 gold pieces
105521 | Elf:3    | Reached XP level 26. HP: 256/256 MP: 34/34
105788 | Elf:3    | Got an ancient golden ring
105992 | Elf:3    | Got a glittering granite ring
106030 | Elf:3    | Got a scorched amber ring
106625 | Elf:3    | Identified the +2 broad axe of Checks and Balances {vamp, rElec} (You took it off a deep elf mage on level 3 of the Elven Halls)
106846 | Lair:1   | Identified the ring of Sovereignty {rF+ Int+7} (You took it off a deep elf blademaster on level 3 of the Elven Halls)
106847 | Lair:1   | Identified the ring of the City {*Tele Str+3 Int+4 Slay+2} (You took it off a deep elf elementalist on level 3 of the Elven Halls)
106848 | Lair:1   | Identified the ring "Runa" {Wiz Dex+7} (You took it off a deep elf demonologist on level 3 of the Elven Halls)
108513 | Elf:3    | Got a distressingly furry robe
108609 | Elf:3    | Got a crude chain mail
109412 | Lair:1   | Identified the +3 battleaxe "Geikhije" {vamp, +Blink MR- Int+6 Dex+4} (You found it on level 1 of the Swamp)
109471 | Lair:1   | Identified the cursed +1 robe of the Shining One's Whim {Int+4 Dex+4} (You found it on level 3 of the Elven Halls)
109476 | Lair:1   | Identified the cursed +1 chain mail of Veidiege {+Inv SInv} (You took it off a deep elf blademaster on level 3 of the Elven Halls)
111032 | Orc:1    | Bought an encrusted plate armour for 840 gold pieces
111133 | Orc:1    | Identified the cursed +0 plate armour "Jaweur" {rF+} (You bought it in a shop on level 1 of the Orcish Mines)
111152 | Orc:1    | Bought a twisted trident for 255 gold pieces
111152 | Orc:1    | Bought a scroll of identify for 60 gold pieces
111155 | Orc:1    | Identified the +6 trident "Newt's Nightmare" {freeze, +Inv} (You bought it in a shop on level 1 of the Orcish Mines)
111172 | Orc:1    | Bought a wand of acid (5) for 240 gold pieces
111172 | Orc:1    | Bought a scroll of silence for 225 gold pieces
111172 | Orc:1    | Bought a wand of iceblast (5) for 120 gold pieces
111235 | Orc:2    | Bought a scroll of teleportation for 51 gold pieces
111235 | Orc:2    | Bought a scroll of teleportation for 51 gold pieces
111235 | Orc:2    | Bought a scroll of teleportation for 51 gold pieces
111235 | Orc:2    | Bought a scroll of enchant armour for 127 gold pieces
111270 | Orc:2    | Bought a glowing quick blade for 432 gold pieces
111270 | Orc:2    | Bought a glowing trident for 156 gold pieces
112092 | Vaults:3 | Bought 3 scrolls of teleportation for 135 gold pieces
112092 | Vaults:3 | Bought a scroll of fear for 52 gold pieces
112092 | Vaults:3 | Bought a scroll of teleportation for 45 gold pieces
112128 | Vaults:3 | Bought a scroll of fog for 36 gold pieces
112158 | Vaults:3 | Bought 2 potions of might for 304 gold pieces
112225 | Vaults:3 | Bought a potion of curing for 54 gold pieces
112225 | Vaults:3 | Bought a potion of berserk rage for 90 gold pieces
112773 | Vaults:5 | Entered Level 5 of the Vaults
113000 | Vaults:5 | Reached skill level 27 in Axes
113017 | Vaults:5 | Noticed an ancient lich
113023 | Vaults:4 | Reached skill level 1 in Translocations
113399 | Vaults:4 | Killed an ancient lich
114427 | Vaults:4 | Reached skill level 27 in Shields
115195 | Vaults:5 | Got a silver rune of Zot
115267 | Vaults:5 | Reached XP level 27. HP: 213/268 MP: 29/34
116230 | Vaults:5 | Identified the Compendium of Poison and Transformation
116925 | Vaults:5 | Got a warped amber ring
117110 | Vaults:5 | Identified the Handbook of the Moneychanger
118144 | Vaults:5 | Got a jewelled chain mail
118519 | Lair:1   | Identified the +5 chain mail of Nihilism {-Cast MR+ Int+2 Dex+6} (You found it on level 5 of the Vaults)
118556 | Lair:1   | Identified the ring of Qaidoar {MP-9 Slay+5 SInv} (You took it off a deep elf mage on level 5 of the Vaults)
118921 | Vaults:5 | Paralysed by fainting for 9 turns
118935 | Vaults:5 | Got a sapphire great sword {slice}
118935 | Vaults:5 | Paralysed by fainting for 5 turns
120832 | D:14     | Reached skill level 5 in Translocations
121876 | D:11     | Killed Terandir's ghost
122282 | Lair:1   | Identified the +2 great sword of Zeshreon {slice, rF+ Dex+2} (You took it off a vault warden on level 5 of the Vaults)
123810 | Swamp:3  | Got a glittering copper amulet
123822 | Swamp:3  | Got a glittering tin ring
123882 | Swamp:3  | Identified the amulet "Yckaa" {Spirit rPois Dex+2 Stlth-} (You found it on level 3 of the Swamp)
123885 | Swamp:3  | Identified the cursed ring "Zophan" {rF+ Dex-2} (You found it on level 3 of the Swamp)
124521 | D:14     | Paralysed by fainting for 5 turns
124541 | D:14     | Got a crude plate armour
124543 | D:14     | Identified the +1 plate armour of Fortitude {rElec Int+3 Dex+3} (You took it off an orc on level 14 of the Dungeon)
125109 | Hell     | Entered the Vestibule of Hell
125109 | Hell     | Noticed Geryon
125122 | Hell     | Noticed Murray
125131 | Hell     | Gained mutation: You are dopey. (Int -2) [a cacodemon]
125523 | Depths:2 | Mangled by a balrug

Skill      XL: |  1  2  3  4  5  6  7  8  9 10 11 12 13 14 15 16 17 18 19 20 21 22 23 24 25 26 27 |
---------------+----------------------------------------------------------------------------------+-----
Armour         | 4 5 6 7 8 9 11 12 13 14 15 16 17 18 19 20 21 | 21.7
Fighting       | 4 5 6 8 9 11 12 13 14 15 16 17 18 19 20 21 22 23 24 25 26 | 26.3
Shields        | 4 5 6 7 9 10 12 13 14 15 16 17 19 20 22 24 25 26 27 | 27.0
Axes           | 3 4 5 6 7 8 11 12 14 15 16 17 18 19 20 21 22 23 24 25 27 | 27.0
Dodging        | 1 2 3 4 5 6 7 |  7.5
Evocations     | 1 2 3 |  3.8
Stealth        | 2 3 4 |  4.2
Spellcasting   | 2 4 5 7 8 |  8.0
Polearms       | 1 3 4 5 6 |  6.1
Throwing       | 1 |  1.0
Unarmed Combat | 1 |  1.2
Translocations | 4 5 |  5.0

Action                   |  1- 3 |  4- 6 |  7- 9 | 10-12 | 13-15 | 16-18 | 19-21 | 22-24 | 25-27 || total
-------------------------+-------+-------+-------+-------+-------+-------+-------+-------+-------++-------
Melee: War axe           |    97 |    98 |   254 |   858 |  1765 |  2331 |   220 |       |       ||  5623
       Headbutt          |    12 |    22 |    52 |   145 |   473 |   642 |   538 |   561 |   365 ||  2810
       Trident           |       |       |       |       |    88 |    21 |   139 |       |       ||   248
       Broad axe         |       |       |       |       |       |       |  1415 |  1736 |  1246 ||  4397
Evoke: Wand              |       |       |     5 |     3 |    87 |     7 |     5 |     6 |     4 ||   117
       Lamp of fire      |       |       |       |       |       |       |       |       |     1 ||     1
  Use: Scroll            |       |       |     2 |     1 |    19 |    26 |    19 |    17 |    25 ||   109
       Potion            |       |       |       |     4 |     7 |    11 |     4 |     7 |     3 ||    36
 Stab: Held in net/web   |       |       |       |       |       |     4 |       |       |       ||     4
       Distracted        |       |       |       |       |       |       |       |       |     1 ||     1
  Eat: Chunk             |       |     5 |     5 |    25 |    28 |    22 |     5 |     7 |    19 ||   116
       Ration            |       |       |     3 |     4 |     9 |    17 |    14 |    15 |    23 ||    85
Armor: Scale mail        |    45 |    26 |    96 |    41 |       |       |       |       |       ||   208
       Plate armour      |       |       |       |   269 |   740 |  1224 |   928 |   629 |   589 ||  4379
Dodge: Dodged            |    37 |    29 |    84 |   225 |   490 |   780 |   533 |   459 |   377 ||  3014
Block: Shield            |    47 |    43 |   152 |   528 |  1087 |  1901 |  1399 |  1321 |  1189 ||  7667
